 Dungeon Crawl Stone Soup version 0.19-a0-1341-g3513869 (webtiles) character file.

2002 Amnesiac the Cleaver (level 9, -9/83 HPs)
             Began as a Hill Orc Monk on Sept 1, 2016.
             Was an Elder of Yredelemnul.
             Mangled by an orc warrior
             ... wielding a +0 glaive of venom
              (15 damage)
             ... on level 7 of the Dungeon.
             The game lasted 00:08:54 (7268 turns).

Amnesiac the Cleaver (Hill Orc Monk)                Turns: 7268, Time: 00:08:54

Health: -9/83      AC: 11    Str: 14    XL:     9   Next: 22%
Magic:  9/9        EV: 11    Int: 10    God:    Yredelemnul [****..]
Gold:   411        SH:  3    Dex: 16    Spells: 0 memorised, 8 levels left

rFire  . . .     SeeInvis .     l - +0 war axe
rCold  . . .     Gourm    .     d - +0 ring mail
rNeg   . . .     Faith    .     h - +0 buckler
rPois  .         Spirit   .     (no helmet)
rElec  .         Dismiss  .     k - +2 cloak
rCorr  .         Reflect  .     w - +0 pair of gloves
MR     .....     Harm     .     p - +1 pair of boots
Stlth  ++........               (no amulet)
                                (no ring)
                                v - ring of stealth

@: lethally poisoned (-9 -> -45)
A: no striking features
a: Recall Undead Slaves, Injury Mirror, Animate Dead, Drain Life, Renounce
Religion


You were on level 7 of the Dungeon.
You worshipped Yredelemnul.
Yredelemnul was greatly pleased with you.
You were not hungry.

You visited 1 branch of the dungeon, and saw 7 of its levels.

You collected 411 gold pieces.

Inventory:

Hand Weapons
 l - a +0 war axe (weapon)
 s - a +0 blowgun
Missiles
 t - 25 poisoned needles
Armour
 d - a +0 ring mail (worn)
 h - a +0 buckler (worn)
 k - a +2 cloak (worn)
 p - a +1 pair of boots (worn)
 w - a +0 pair of gloves (worn)
Jewellery
 v - a ring of stealth (left hand)
 F - an uncursed amulet of the gourmand {unknown}
Wands
 G - a wand of lightning (7/15)
Scrolls
 a - 3 scrolls of remove curse {unknown}
 b - 4 scrolls of teleportation {unknown}
 e - 2 scrolls of blinking {unknown}
 f - 7 scrolls of identify {unknown}
 g - a scroll of fog {unknown}
 q - a scroll of immolation {unknown}
 y - a scroll of magic mapping {unknown}
 E - a scroll of enchant armour {unknown}
Potions
 i - a potion of lignification
 j - 3 potions of brilliance
 m - a potion of cancellation {unknown}
 o - 3 potions of haste {unknown}
 u - a potion of cure mutation {unknown}
 x - a potion of magic {unknown}
 z - 2 potions of degeneration {unknown}
 A - a potion of agility {unknown}
 B - a potion of heal wounds {unknown}
 D - 2 potions of mutation {unknown}
Books
 n - a book of the Warp

   Spells                             Type                      Level
   a - Gell's Gravitas                Hexes/Translocation          3
   b - Force Lance                    Conjuration/Translocation    4
   c - Summon Forest                  Summoning/Translocation      5
   d - Dispersal                      Translocation                6
   e - Controlled Blink               Translocation                8
   f - Disjunction                    Translocation                8
Comestibles
 c - 4 bread rations
 r - a beef jerky
 C - 7 chunks of flesh


   Skills:
 + Level 9.1 Fighting
 * Level 12.6 Axes
 - Level 2.4 Dodging
 - Level 1.5 Stealth


You had 8 spell levels left.
You didn't know any spells.

Dungeon Overview and Level Annotations

Branches:
Dungeon (7/15)             Temple (0/1) D:7

Altars:
Ashenzari
Kikubaaqudgha
Okawaru
Sif Muna
Trog
Yredelemnul


Message History

The orc warrior barely misses you.
Unknown command.
You hit the orc warrior.
The orc warrior is severely wounded.
* * * LOW HITPOINT WARNING * * *
You feel very sick.
Unknown command.
You hit the orc warrior.
The orc warrior is severely wounded.
* * * LOW HITPOINT WARNING * * *
You feel very sick. The orc warrior barely misses you.
Unknown command.
You hit the orc warrior but do no damage.
The orc warrior is severely wounded.
* * * LOW HITPOINT WARNING * * *
You feel very sick.
The orc warrior hits you with a glaive of venom!
You die...
Your body rises from the dead as a mindless zombie.

........ ........
......# #. .
##########.# ..
....>......# ...
...........### ....
.............######.....
...............#........
................@o......
###............#)....$..
..#........#...#.......#
..#........######......#
..#........# ).....#
..#...#....... .......
..#............ .......
..#............. .......
..#.............


You could see an orc warrior.

Vanquished Creatures
  Eustachio (D:4)
  Menkaure (D:4)
  Duvessa (D:6)
  4 slaves
  A wasp (D:6)
  2 ogres
  A centaur (D:5)
  A big kobold (D:5)
  A giant frog (D:6)
  Dowan (D:6)
  A scorpion (D:5)
  A crimson imp (D:6)
  3 orc priests
  3 hounds
  3 orc wizards
  Terence (D:3)
  2 iguanas
  4 worker ants
  A worker ant zombie (D:6)
  4 adders
  6 gnolls
  3 oozes
  2 worms (D:2)
  2 giant geckos
  18 orcs
  8 bats
  2 giant cockroaches
  3 goblins
  6 hobgoblins
  19 jackals
  4 quokkas
  A ball python (D:3)
  2 giant gecko zombies (D:6)
  2 giant newts (D:2)
  8 kobolds
  9 rats
132 creatures vanquished.

Vanquished Creatures (collateral kills)
  Pikel (D:5)
1 creature vanquished.

Grand Total: 133 creatures vanquished

Notes
Turn   | Place    | Note
-------+----------+-------------------------------------------
     0 | D:1      | Amnesiac the Hill Orc Monk began the quest for the Orb.
     0 | D:1      | Reached XP level 1. HP: 19/19 MP: 1/1
   118 | D:2      | Found a basalt altar of Yredelemnul.
   126 | D:2      | Became a worshipper of Yredelemnul the Dark
   126 | D:2      | Reached * piety under Yredelemnul
   126 | D:2      | Reached ** piety under Yredelemnul
   239 | D:1      | Reached XP level 2. HP: 22/27 MP: 2/2
   815 | D:2      | Reached XP level 3. HP: 27/34 MP: 3/3
  1476 | D:2      | Found a shattered altar of Ashenzari.
  1482 | D:2      | Reached skill level 5 in Axes
  1569 | D:2      | Noticed a moth of wrath
  1572 | D:2      | Found a bloodstained altar of Trog.
  2181 | D:3      | Found a deep blue altar of Sif Muna.
  2233 | D:3      | Reached XP level 4. HP: 41/41 MP: 4/4
  2277 | D:3      | Reached skill level 5 in Fighting
  2288 | D:3      | Noticed Terence
  2316 | D:4      | Reached skill level 6 in Axes
  2316 | D:4      | Reached XP level 5. HP: 30/48 MP: 5/5
  2431 | D:4      | Found an iron altar of Okawaru.
  2581 | D:3      | Killed Terence
  2589 | D:3      | Reached *** piety under Yredelemnul
  2728 | D:3      | Reached skill level 7 in Axes
  3150 | D:4      | Noticed Eustachio
  3188 | D:4      | Killed Eustachio
  3188 | D:4      | Reached XP level 6. HP: 7/57 MP: 6/6
  3491 | D:4      | Reached skill level 8 in Axes
  3730 | D:4      | Noticed Menkaure
  3750 | D:4      | Killed Menkaure
  3750 | D:4      | Reached XP level 7. HP: 15/64 MP: 7/7
  4230 | D:4      | Reached skill level 9 in Axes
  4373 | D:5      | Entered Level 5 of the Dungeon
  4394 | D:5      | HP: 2/64 [centaur (8)]
  4943 | D:5      | Reached skill level 10 in Axes
  4943 | D:5      | Reached XP level 8. HP: 69/73 MP: 8/8
  5101 | D:5      | Found an ancient bone altar of Kikubaaqudgha.
  5300 | D:6      | Noticed Pikel
  5614 | D:5      | Killed Pikel
  5614 | D:5      | Reached skill level 11 in Axes
  5968 | D:6      | Found an iron altar of Okawaru.
  6481 | D:6      | Reached skill level 12 in Axes
  6634 | D:6      | Paralysed by a wasp for 3 turns
  6641 | D:6      | Reached XP level 9. HP: 31/82 MP: 9/9
  6961 | D:6      | Noticed Duvessa
  6961 | D:6      | Noticed Dowan
  6973 | D:6      | Killed Duvessa
  6983 | D:6      | Killed Dowan
  7166 | D:7      | Reached **** piety under Yredelemnul
  7187 | D:7      | Found a staircase to the Ecumenical Temple.
  7268 | D:7      | Mangled by an orc warrior

Vault maps used:
D:1:      scummos_arrival_hexagon, roderic_chinese_pattern_swastika,
          serial_bayou_pond_d, minmay_bisected
D:2:      old_standard_altar, yredelemnul_altar_generic, tgw_trog
D:3:      led_sif_book, first_bread, kennysheep_another_room, uniq_terence
D:4:      okawaru_ov_weapons_minmay, uniq_eustachio, uniq_menkaure
D:5:      kennysheep_mini_moat
D:6:      kennysheep_mini, hangedman_abyss_or_decor_slice, uniq_duvessa,
          uniq_pikel

Skill      XL: |  1  2  3  4  5  6  7  8  9 |
---------------+----------------------------+-----
Fighting       | 4 5 6 7 8 9 |  9.1
Axes           | 5 6 7 8 10 12 | 12.6
Dodging        | |  2.4
Stealth        | |  1.5

Action                   |  1- 3 |  4- 6 |  7- 9 || total
-------------------------+-------+-------+-------++-------
Melee: Hand axe          |   136 |       |       ||   136
       War axe           |     5 |   116 |   331 ||   452
 Fire: Blowgun           |       |     5 |       ||     5
Invok: Animate Dead      |       |       |     1 ||     1
  Use: Potion            |     1 |       |     3 ||     4
 Stab: Sleeping          |     4 |     1 |       ||     5
       Distracted        |       |       |     2 ||     2
  Eat: Chunk             |     4 |     5 |    12 ||    21
Armor: Robe              |    11 |       |       ||    11
       Leather armour    |     7 |       |       ||     7
       Ring mail         |       |    53 |   141 ||   194
       Skin              |       |       |     5 ||     5
Dodge: Dodged            |    78 |    58 |   154 ||   290
Block: Buckler           |    24 |    26 |    43 ||    93
